 Dungeon Crawl Stone Soup version 0.23.0 (webtiles) character file.

Game seed: 4042977455924534076

14 Monsterracer the Vexing (level 2, -2/23 HPs)
             Began as a Hill Orc Enchanter on Feb 16, 2019.
             Slain by a goblin
             ... wielding a +0 dagger
              (3 damage)
             ... on level 1 of the Dungeon.
             The game lasted 00:00:42 (555 turns).

Monsterracer the Vexing (Hill Orc Enchanter)         Turns: 555, Time: 00:00:42

Health: -2/23      AC:  2    Str: 10    XL:     2   Next: 45%
Magic:  4/4        EV: 12    Int: 15    God:
Gold:   16         SH:  0    Dex: 11    Spells: 3/4 levels left

rFire    . . .     SeeInvis .   a - +1 dagger
rCold    . . .     Gourm    .   (no shield)
rNeg     . . .     Faith    .   b - +0 robe
rPois    .         Spirit   .   (no helmet)
rElec    .         Reflect  .   (no cloak)
rCorr    .         Harm     .   (no gloves)
MR       .....                  (no boots)
Stlth    ++........             (no amulet)
HPRegen  0.07/turn              (no ring)
MPRegen  0.09/turn              (no ring)

@: no status effects
A: no striking features
a: no special abilities


You were on level 1 of the Dungeon.
You were not hungry.

You visited 1 branch of the dungeon, and saw 1 of its levels.

You collected 16 gold pieces.

Inventory:

Hand Weapons
 a - a +1 dagger (weapon)
Armour
 b - a +0 robe (worn)
Scrolls
 d - a scroll of magic mapping {unknown}
Comestibles
 c - 3 rations
 f - 2 chunks of flesh


   Skills:
 + Level 1.2 Fighting
 * Level 2.0 Short Blades
 - Level 1.5 Dodging
 - Level 2.4 Stealth
 - Level 1.5 Spellcasting
 - Level 3.0 Hexes


You had 3 spell levels left.
You knew the following spells:

 Your Spells              Type           Power        Failure   Level  Hunger
j - Corona                Hex            ##.....      7%          1    ##.....

Your spell library contained the following spells:

 Spells                   Type           Power        Failure   Level  Hunger
 Ensorcelled Hibernation  Hex/Ice        #.....       19%         2    ###....
 Confuse                  Hex            ##......     21%         3    ####...
 Tukima's Dance           Hex            ##......     21%         3    ####...
 Dazzling Spray           Conj/Hex       #.....       36%         3    ####...


Dungeon Overview and Level Annotations

Branches:
Dungeon (1/15)

Altars:


Message History

You are too injured to fight recklessly!
You barely miss the hobgoblin. The hobgoblin closely misses you.
You hit the hobgoblin.
The hobgoblin is lightly wounded.
The hobgoblin hits you.
You barely miss the hobgoblin.
The hobgoblin is lightly wounded.
The hobgoblin closely misses you.
You hit the hobgoblin.
You kill the hobgoblin!
You hit the kobold.
The kobold is severely wounded.
The kobold hits you with a +0 club.
* * * LOW HITPOINT WARNING * * *
You hit the kobold.
You kill the kobold!
You take 3 damage, and have 9/23 hp.
You barely miss the rat. The rat bites you but does no damage.
Unknown command.
You completely miss the rat. You hit the rat.
The rat is heavily wounded.
The rat bites you.
* * * LOW HITPOINT WARNING * * *
You hit the rat.
You kill the rat!
You take 1 damage, and have 8/23 hp.
Things that are here:
a +0 club; a kobold corpse; a hobgoblin corpse Unknown command.
You butcher the hobgoblin corpse.
f - 2 chunks of flesh
Things that are here:
a +0 club; a kobold corpse; a hobgoblin skeleton A bat comes into view.
A bat is nearby!
The bat hits you but does no damage. The bat barely misses you.
The bat closely misses you. The bat closely misses you. The bat misses you.
You miss the bat. The bat hits you but does no damage.
You hit the bat.
The bat is severely wounded.
The bat hits you but does no damage. The bat hits you but does no damage.
You barely miss the bat.
The bat is heavily wounded.
The bat hits you.
* * * LOW HITPOINT WARNING * * *
The bat barely misses you.
You take 1 damage, and have 8/23 hp.
You hit the bat but do no damage.
The bat is heavily wounded.
The bat hits you.
* * * LOW HITPOINT WARNING * * *
A rat comes into view.
You take 1 damage, and have 7/23 hp.
Unknown command.
You miss the bat.
The bat is heavily wounded.
The bat barely misses you. x2
You closely miss the bat.
The bat is heavily wounded.
The bat hits you.
* * * LOW HITPOINT WARNING * * *
The bat barely misses you.
A rat comes into view.
The bat closely misses you.
You take 1 damage, and have 6/23 hp.
Unknown command.
You hit the bat.
You kill the bat!
Your Short Blades skill increases to level 2!
The rat bites you.
* * * LOW HITPOINT WARNING * * *
You take 1 damage, and have 6/23 hp.
You barely miss the rat. The rat bites you.
* * * LOW HITPOINT WARNING * * *
You take 1 damage, and have 5/23 hp.
You hit the rat.
You kill the rat!
The rat is too close now for your liking.
The rat barely misses you.
You closely miss the rat. The rat barely misses you.
You hit the rat.
You kill the rat!
A goblin comes into view. It is wielding a +0 dagger.
You see here a rat corpse.
A goblin is nearby!
Things that are here:
a +0 club; a kobold corpse; a hobgoblin skeleton You start resting.
The goblin is too close now for your liking.
You closely miss the goblin. The goblin hits you with a +0 dagger.
* * * LOW HITPOINT WARNING * * *
You take 5 damage, and have 1/23 hp.
MASSIVE DAMAGE!!
You hit the goblin.
The goblin is heavily wounded.
The goblin hits you with a +0 dagger.
You die...

#. #.## #... ##
###..# ... #>....
..# #.#..# ...#
#.#..##....##
#.#..†.......
####@##.##..g.##
#...g##.###.#.#
#.....)...#.# #
#....##.#.#.#.###
##.####.#........
#†# #..........
#.# #####......
#######.# .#####
.......(# #


You could see a goblin.

Vanquished Creatures
  A dart slug (D:1)
  A giant cockroach (D:1)
  2 hobgoblins (D:1)
  A kobold (D:1)
  A ball python zombie (D:1)
  2 bats (D:1)
  A frilled lizard (D:1)
  A quokka zombie (D:1)
  3 rats (D:1)
13 creatures vanquished.

Notes
Turn   | Place    | Note
-------+----------+-------------------------------------------
     0 | D:1      | Monsterracer the Hill Orc Enchanter began the quest for the
                  | Orb.
     0 | D:1      | Reached XP level 1. HP: 14/14 MP: 3/3
    22 | D:1      | HP: 7/14 [quokka zombie (2)]
    23 | D:1      | HP: 3/14 [quokka zombie (4)]
   410 | D:1      | Reached skill level 1 in Fighting
   410 | D:1      | Reached XP level 2. HP: 19/23 MP: 4/4
   507 | D:1      | HP: 9/23 [kobold/+0 club (3)]
   530 | D:1      | HP: 8/23 [bat (1)]
   536 | D:1      | HP: 6/23 [rat (1)]
   554 | D:1      | HP: 1/23 [goblin/+0 dagger (5)]
   555 | D:1      | Slain by a goblin

Skill      XL: |  1  2 |
---------------+-------+-----
Fighting       | 1 |  1.2
Short Blades   | 2 |  2.0
Dodging        | |  1.5
Stealth        | |  2.4
Spellcasting   | |  1.5
Hexes          | |  3.0

Action                   || total
-------------------------++-------
Melee: Dagger            ||    56
 Cast: Corona            ||     1
 Stab: Sleeping          ||     1
Armor: Robe              ||    13
Dodge: Dodged            ||    33

Levels and vault maps discovered:
D:1:      saegor_arrival_fortress, layout_loops_ring
